Map: Turbo Cruise '84 LE

Players

TYTY (TY) - Winner!

  • Race: Terran Terran
  • League: Master
  • Spawn Location: 7:00

OGZest (Zest)

  • Race: Protoss Protoss
  • Spawn Location: 3:00

Event: HomeStory Cup XIX

VOD

Have the link to the VOD?

Description

Time

  • Played on: June 30, 2019, 4:30 p.m.
  • Length: 18:55

All games in this series

Show
View Real Time Build Order
Export as new Build Order

TYTY Terran - Winner!

Build Orders:  

Get SALT Encoding   

  12  0:00  SCV  
  13  0:12  SCV  
  14  0:17  Supply Depot  
  14  0:24  SCV  
  15  0:39  SCV  
  15  0:40  Barracks  
  16  0:44  Refinery  
  16  0:51  SCV  
  17  1:03  SCV  
  18  1:15  SCV  
  19  1:27  Marine  
  19  1:28  Orbital Command  
  20  1:44  Command Center  
  20  1:46  Barracks Reactor  
  20  1:55  Supply Depot  
  20  1:57  SCV  
  21  2:06  Factory  
  21  2:09  SCV  
  21  2:15  Refinery  
  22  2:21  Marine  
  22  2:22  Marine, SCV  
  25  2:34  SCV  
  26  2:39  Marine  
  26  2:40  Marine  
  28  2:46  SCV  
  28  2:50  Widow Mine, Starport  
  31  2:56  Orbital Command  
  31  2:58  SCV  
  32  3:01  Marine  
  32  3:02  Marine  
  34  3:10  SCV  
  34  3:12  Widow Mine  
  37  3:19  Marine  
  38  3:20  Marine  
  38  3:22  SCV  
  38  3:25  Supply Depot  
  38  3:27  Medivac  
  42  3:30  SCV  
  42  3:33  Bunker  
  43  3:38  Widow Mine  
  43  3:39  SCV  
  46  3:46  Supply Depot  
  46  3:47  Marine, SCV  
  48  3:51  SCV  
  49  3:58  Viking  
  49  3:59  Factory Tech Lab, SCV  
  52  4:03  SCV  
  52  4:05  Marine  
  52  4:07  Marine  
  52  4:09  Supply Depot  
  55  4:11  SCV  
  55  4:16  Liberator, SCV  
  57  4:17  Siege Tank  
  57  4:23  Marine, SCV  
  61  4:25  Marine  
  61  4:29  SCV  
  59  4:37  SCV  
  63  4:41  Marine  
  63  4:42  SCV  
  63  4:45  Supply Depot  
  66  4:49  SCV  
  67  4:54  SCV  
  67  4:57  Siege Tank  
  70  5:01  SCV  
  70  5:02  Marine  
  70  5:03  Marine  
  70  5:06  SCV  
  69  5:13  SCV  
  70  5:18  Command Center, Supply Depot, SCV  
  70  5:19  Marine  
  71  5:25  SCV  
  72  5:30  Marine, SCV  
  74  5:37  Marine  
  74  5:38  SCV  
  76  5:43  Siege Tank, Barracks  
  76  5:45  Barracks, SCV  
  76  5:46  Starport Tech Lab  
  80  5:51  SCV  
  80  5:53  Marine  
  82  5:57  SCV  
  82  6:03  Marine, SCV  
  85  6:05  Supply Depot  
  85  6:09  SCV  
  85  6:11  Marine  
  84  6:15  Refinery, SCV  
  84  6:17  Refinery  
  85  6:22  Starport Tech Lab  
  86  6:26  SCV  
  86  6:27  Marine  
  86  6:28  SCV  
  88  6:36  Orbital Command  
  88  6:37  Marine  
  88  6:38  SCV  
  88  6:40  SCV  
  88  6:42  Stimpack  
  88  6:43  Raven  
  88  6:44  Supply Depot x2  
  88  6:45  Marine  
  92  6:48  Engineering Bay  
  92  6:50  Supply Depot  
  94  6:54  Factory Reactor  
  94  6:56  Marine  
  94  6:58  Barracks x2  
  95  7:04  Marauder x2, Marine  
  98  7:14  Marine, Terran Infantry Weapons Level 1  
  99  7:22  Marine  
  100  7:25  Supply Depot  
  100  7:26  Marauder x2  
  102  7:32  Marine  
  102  7:34  Orbital Command  
  102  7:39  Factory Reactor, Medivac  
  102  7:40  Marine  
  102  7:41  SCV x2  
  102  7:42  Missile Turret  
  107  7:45  Missile Turret  
  107  7:47  Marauder, Marine, Barracks Reactor  
  107  7:49  Marine  
  111  7:56  SCV x2  
  111  7:57  Marine  
  114  8:01  Marine  
  114  8:04  Marine  
  116  8:07  Orbital Command, Marine  
  116  8:08  Marine  
  116  8:10  Medivac  
  116  8:11  Medivac  
  122  8:15  Marine  
  122  8:17  Widow Mine x2, Supply Depot x2  
  122  8:19  Marine  
  126  8:23  Combat Shield, Concussive Shells  
  126  8:25  SCV x2  
  128  8:28  Marine x2  
  128  8:32  Marine  
  132  8:36  Marine  
  132  8:38  SCV x3  
  135  8:42  Ghost Academy  
  136  8:56  Medivac x2  
  136  8:59  SCV x2  
  136  9:00  SCV  
  139  9:03  Refinery  
  139  9:04  Refinery  
  139  9:07  Factory Tech Lab, Armory  
  139  9:08  Engineering Bay, Terran Infantry Armor Level 1  
  138  9:11  SCV x2  
  138  9:12  SCV  
  141  9:18  Supply Depot x2  
  141  9:23  SCV x2  
  143  9:24  SCV  
  143  9:25  Siege Tank  
  143  9:29  Command Center  
  146  9:33  Missile Turret  
  146  9:35  SCV x2  
  146  9:36  SCV  
  146  9:37  Sensor Tower  
  149  9:41  Factory  
  149  9:42  Marine x3, Factory  
  149  9:44  Marine x4  
  156  9:49  Missile Turret  
  156  9:51  SCV x3  
  159  9:54  Missile Turret  
  159  9:55  Terran Infantry Weapons Level 2  
  159  10:00  Siege Tank  
  162  10:09  Marine x2  
  162  10:10  Marine  
  162  10:12  Marauder x2, Marine x2  
  170  10:27  Factory Tech Lab  
  170  10:28  Factory Tech Lab  
  173  10:31  Command Center  
  173  10:32  Siege Tank  
  172  10:42  Terran Vehicle Weapons Level 1  
  172  10:45  SCV  
  172  10:46  SCV  
  172  10:47  Siege Tank x2  
  179  10:55  Ghost Academy  
  179  11:04  Siege Tank  
  182  11:13  SCV x2  
  178  11:19  Siege Tank x2  
  184  11:28  Ghost x2  
  184  11:31  Command Center, Terran Infantry Armor Level 2  
  186  11:35  Refinery  
  183  11:43  SCV x2  
  183  11:46  Marine x2, Missile Turret  
  179  11:48  Marine  
  179  11:50  Marine  
  179  11:51  Ghost  
  179  11:52  Personal Cloaking  
  183  11:55  SCV  
  183  11:59  Planetary Fortress  
  183  12:00  Siege Tank, Marine x2  
  188  12:03  Refinery  
  188  12:04  Marine  
  188  12:08  Siege Tank  
  193  12:15  SCV x2  
  193  12:16  Siege Tank  
  193  12:17  Marine x2  
  193  12:18  Marine  
  193  12:19  Barracks  
  198  12:23  Planetary Fortress  
  198  12:27  SCV x2  
  199  12:30  Ghost  
  199  12:35  Ghost  
  199  12:46  Marine  
  193  12:51  Marine x2  
  193  12:52  Marine  
  193  12:56  Siege Tank x2  
  188  12:59  Refinery  
  188  13:00  Refinery, Missile Turret  
  188  13:01  Factory Tech Lab  
  188  13:07  Terran Vehicle Weapons Level 2  
  188  13:08  Terran Infantry Weapons Level 3  
  187  13:13  Marine  
  187  13:14  Marauder x2, Marine  
  188  13:21  Marauder, Marine x2  
  188  13:22  Siege Tank  
  194  13:31  Marine x2  
  195  13:35  Marauder  
  174  13:43  Marine x2  
  174  13:44  Marauder  
  174  13:46  Medivac x2  
  174  13:48  Nuke  
  177  13:49  Marine x2  
  180  13:56  Marine, Barracks Tech Lab  
  180  13:57  Thor  
  180  13:59  Terran Infantry Armor Level 3  
  180  14:01  Marine  
  180  14:02  Barracks Tech Lab  
  180  14:05  Thor  
  180  14:06  Marine x2  
  180  14:07  Marine  
  189  14:14  SCV x3  
  192  14:20  Siege Tank  
  195  14:31  Marine  
  195  14:32  Marauder x2  
  193  14:49  Nuke  
  193  14:51  Siege Tank x2, Ghost Academy  
  198  14:56  Marine x4  
  179  15:02  Marauder x2, Marine  
  179  15:05  Medivac x2  
  162  15:14  Orbital Command, Marine x3  
  161  15:17  Marine  
  161  15:19  Ghost  
  158  15:23  Thor x2, Marine, Ghost  
  158  15:24  Siege Tank, Nuke  
  173  15:32  Terran Vehicle Weapons Level 3, Marine x2  
  173  15:35  Marine x2  
  177  15:47  Marauder  
  177  15:49  Marine x2, Marauder, Sensor Tower  
  181  15:56  Thor  
  189  16:06  Thor  
  189  16:08  Siege Tank  
  198  16:11  Ghost  
  199  16:21  Nuke  
  199  16:25  Ghost x2  
  195  16:26  Marine x3  
  195  16:31  Missile Turret  
  200  16:39  Siege Tank  
  198  16:42  Barracks  
  198  16:47  Marauder, Marine x2  
  195  16:49  Siege Tank  
  200  16:59  Nuke  
  200  17:28  Ghost  
  200  17:30  Command Center  
  200  17:31  Nuke  
  200  17:36  Ghost Academy  
  200  17:47  Missile Turret  
  200  17:49  Sensor Tower  
  200  18:03  Barracks Tech Lab  
  192  18:06  Ghost x2, Factory  
  192  18:10  Siege Tank x2  
  192  18:11  Nuke  
  193  18:18  Marine  
Show
View Real Time Build Order
Export as new Build Order

OGZest Protoss 

Build Orders: 1 Gate Expand, Oracle Opening, Zealot Archon 

Get SALT Encoding   

  12  0:00  Probe  
  13  0:12  Probe  
  14  0:17  Pylon  
  14  0:23  Probe  
  15  0:31  Probe  
  15  0:37  Gateway  
  15  0:39  Probe  
  16  0:46  Assimilator  
  17  0:51  Probe  
  18  1:03  Probe  
  19  1:15  Probe  
  20  1:24  Cybernetics Core  
  20  1:34  Nexus  
  20  1:37  Probe  
  21  1:43  Pylon  
  21  1:49  Probe  
  21  1:51  Assimilator, Adept  
  22  2:01  Probe  
  25  2:09  Pylon  
  25  2:12  Adept  
  25  2:13  Probe  
  28  2:25  Probe  
  29  2:33  Stargate  
  29  2:37  Warp Gate  
  29  2:38  Probe  
  29  2:43  Probe, Adept  
  32  2:50  Probe  
  34  2:51  Probe  
  35  3:00  Probe  
  35  3:02  Probe  
  37  3:06  Oracle  
  37  3:12  Probe  
  37  3:13  Adept  
  37  3:14  Probe  
  44  3:25  Probe  
  44  3:26  Probe  
  46  3:29  Gateway  
  46  3:33  Oracle  
  46  3:37  Probe, Pylon  
  46  3:38  Probe  
  51  3:51  Probe x2  
  50  3:59  Assimilator  
  50  4:00  Assimilator  
  50  4:01  Pylon  
  50  4:04  Probe x2  
  52  4:10  Oracle  
  52  4:12  Shield Battery  
  52  4:14  Pylon  
  55  4:17  Shield Battery  
  55  4:31  Probe x2  
  49  4:39  Twilight Council  
  49  4:41  Forge  
  49  4:42  Probe  
  49  4:43  Probe  
  51  4:50  Stalker x2, Probe  
  51  4:51  Probe  
  55  4:58  Probe  
  55  4:59  Probe  
  56  5:15  Phoenix  
  56  5:17  Stalker x2  
  56  5:18  Charge  
  56  5:20  Gateway  
  60  5:28  Gateway  
  62  5:29  Pylon  
  62  5:41  Probe x2  
  63  5:45  Phoenix  
  65  5:52  Protoss Ground Armor Level 1  
  64  5:57  Stalker  
  64  5:58  Stalker  
  68  6:09  Phoenix  
  72  6:15  Sentry  
  72  6:21  Pylon  
  72  6:23  Gateway  
  72  6:24  Gateway  
  72  6:28  Pylon  
  72  6:42  Nexus  
  72  6:43  Zealot x3  
  78  6:51  Templar Archives  
  78  6:55  Probe x2  
  80  7:04  Pylon  
  80  7:07  Probe x2  
  82  7:14  Pylon  
  82  7:19  Probe x2  
  84  7:25  Stalker  
  84  7:29  Pylon  
  86  7:31  Probe x2, High Templar x2  
  86  7:32  Zealot x3  
  98  7:37  Archon  
  98  7:43  Probe x2  
  100  7:47  Robotics Facility  
  100  7:52  Probe x3  
  103  8:00  Probe x3  
  103  8:04  Forge  
  106  8:06  Protoss Ground Armor Level 2  
  106  8:10  Probe x3, Pylon  
  109  8:24  Robotics Facility  
  109  8:25  Pylon  
  110  8:27  Assimilator  
  110  8:30  Assimilator  
  110  8:32  High Templar x2  
  113  8:37  Archon, Robotics Bay, Zealot x4  
  121  8:58  Stalker x3, High Templar  
  129  9:08  Pylon  
  129  9:12  Pylon x2  
  129  9:13  High Templar  
  129  9:14  Pylon  
  129  9:15  Disruptor  
  131  9:17  Disruptor, Pylon  
  131  9:21  Zealot  
  133  9:24  Photon Cannon  
  133  9:25  Photon Cannon, Pylon  
  137  9:31  Archon  
  137  9:39  Protoss Ground Weapons Level 1  
  137  9:42  Disruptor  
  137  9:52  Disruptor  
  143  10:08  Photon Cannon  
  143  10:09  Zealot  
  143  10:10  Zealot  
  145  10:15  Colossus  
  145  10:16  Nexus  
  143  10:25  Blink  
  143  10:26  Extended Thermal Lance  
  149  10:31  Pylon  
  149  10:34  Pylon  
  147  10:35  Protoss Ground Armor Level 3  
  147  10:50  Colossus  
  147  10:53  Gateway  
  147  10:54  Probe x2  
  147  10:55  Probe, Gateway  
  156  10:58  Gateway  
  156  10:59  Gateway  
  156  11:03  Robotics Facility  
  156  11:08  Zealot x6  
  166  11:27  Stargate  
  160  11:40  Probe  
  160  11:41  Probe x3  
  156  11:55  Stalker x5, Zealot x5  
  176  12:04  Probe x2  
  176  12:05  Assimilator, Protoss Ground Weapons Level 2  
  178  12:09  Assimilator, Stargate  
  174  12:25  Stargate  
  174  12:28  Fleet Beacon  
  174  12:29  Protoss Air Weapons Level 1  
  168  12:36  Zealot x5  
  168  12:37  Zealot x3  
  140  13:17  Zealot x10  
  139  13:39  Stalker x7  
  139  13:40  Stalker x3  
  128  13:42  Tempest x3  
  119  13:53  Observer  
  119  13:54  Observer x2  
  137  14:04  High Templar x4  
  137  14:07  Zealot  
  137  14:09  Archon x2  
  147  14:15  High Templar x3  
  147  14:16  Zealot, High Templar  
  157  14:20  Archon  
  157  14:21  Archon  
  156  14:41  Zealot x3  
  156  14:42  Zealot x3  
  166  14:49  Observer  
  166  14:51  Zealot x4  
  150  15:00  Observer  
  150  15:01  Disruptor x2  
  150  15:02  Zealot x6  
  150  15:03  Observer  
  150  15:06  Disruptor  
  132  15:18  Psionic Storm  
  135  15:22  Observer  
  135  15:25  High Templar x3  
  135  15:26  High Templar  
  135  15:27  Observer  
  143  15:29  Observer  
  143  15:30  Stalker x2  
  147  15:36  Nexus  
  147  15:37  Pylon  
  147  15:38  Probe x2  
  147  15:39  Probe  
  147  15:42  High Templar x2  
  154  15:45  Stalker  
  154  15:46  Stalker  
  158  15:52  Observer  
  158  15:58  Disruptor x3  
  166  16:07  Stalker x2  
  166  16:08  Stalker  
  171  16:16  Zealot x2  
  171  16:17  Zealot  
  177  16:25  Stalker x2  
  180  16:40  Protoss Shields Level 1  
  180  16:44  Archon  
  180  16:47  Zealot x5  
  175  17:37  Pylon  
  175  17:40  Tempest x2, Pylon  
  175  17:41  Tempest  
  175  17:50  Immortal  
  190  17:51  Immortal  
  190  17:54  Pylon  
  176  18:17  Stalker x8, Zealot  
  194  18:23  Probe  
  194  18:24  Probe  
Tags
 
Add a new tag
Caveats
  • Supply blocks, unpowered buildings, or Contaminate may cause inaccurate times.
  • Supply counts are checked every 10 seconds.